 Dungeon Crawl Stone Soup version 0.32-a0-120-gfac0567ad4 (webtiles) character file.

Game seed: 2686680871690232516

237183 cforsyth the Warrior (level 19, -1/157 HPs)
             Began as a Djinni Warper on Feb 6, 2024.
             Was the Champion of Nemelex Xobeh.
             Slain by a vault warden
             ... wielding a +0 bardiche
              (30 damage)
             ... on level 1 of the Vaults on Feb 7, 2024.
             The game lasted 01:55:21 (42645 turns).

cforsyth the Warrior (Djinni Warper)               Turns: 42645, Time: 01:55:22

Health: -1/157     AC: 12    Str: 10    XL:     19   Next: 99%
Gold:   776        EV: 35    Int: 24    God:    Nemelex Xobeh [******] SH:  8 Dex: 15

rFire   + + .        (no weapon)
rCold   x . .        Y - +1 buckler {reflect}
rNeg    . . .        s - +0 troll leather armour
rPois   ∞            h - +2 helmet {Int+3}
rElec   +            O - scarf "Piyps" {shadows, rElec}
rCorr   .            B - +1 pair of gloves
SInv    +            (boots unavailable)
Will    +....        D - dreamdust necklace {Acrobat}
Stlth   +            v - ring of see invisible
HPRegen 1.26/turn    T - +4 ring of protection
MPRegen 0.00/turn

%: reflection, acrobat, infuse magic (-2 HP)
@: about to teleport, acrobatic, flying
A: sickness immunity, fire resistance 2, cold vulnerability 1, float, innate
caster, HP casting, extra vitality 1
}: 2/15 runes: barnacled, gossamer
a: Renounce Religion, Draw Escape, Draw Destruction, Draw Summoning, Triple
Draw, Deal Four, Stack Five


You were on level 1 of the Vaults.
You worshipped Nemelex Xobeh.
Nemelex Xobeh was exalted by your worship.
You visited 6 branches of the dungeon, and saw 31 of its levels.
You visited 2 bazaars.
You also visited: Ossuary.

You collected 3582 gold pieces.
You spent 2806 gold pieces at shops.


Innate Abilities, Weirdness & Mutations

You are immune to sickness and miasma.
You are immune to poison.
Your flesh is very heat resistant. (rF++)
You are vulnerable to cold. (rC-)
You float through the air rather than walking.
You learn spells naturally, not from books.
Your magical power is your life essence.
You have superior vitality. (+4 MHP)


   Skills:
 + Level 20.9 Fighting
 - Level 1.7 Long Blades
 - Level 0.7 Throwing
 - Level 1.0 Armour
 + Level 16.9 Dodging
 - Level 10.0 Shields
 + Level 16.5 Spellcasting
 + Level 16.5 Conjurations
 + Level 16.5 Hexes
 + Level 16.5 Summonings
 + Level 16.5 Necromancy
 + Level 16.5 Translocations
 + Level 16.5 Fire Magic
 + Level 16.5 Ice Magic
 + Level 16.5 Air Magic
 + Level 16.5 Earth Magic
 + Level 16.5 Alchemy


You knew the following spells:

 Your Spells              Type           Power      Damage    Failure   Level
a - Plasma Beam           Fire/Air       39%        2x1d52    1%          6
b - Borgnjor's Vile Clut  Necr/Erth      39%        N/A       1%          5
c - Death Channel         Necr           39%        N/A       1%          6
d - Tukima's Dance        Hex            78%        N/A       0%          3
f - Freeze                Ice            100%       1d10      0%          1
l - Lesser Beckoning      Tloc           100%       N/A       0%          2
m - Manifold Assault      Tloc           78%        N/A       1%          4
n - Orb of Destruction    Conj           39%        9d11      4%          7
t - Teleport Other        Tloc           78%        N/A       0%          3
B - Blink                 Tloc           100%       N/A       0%          2
S - Silence               Hex/Air        39%        N/A       1%          5
X - Vhi's Electric Charg  Tloc/Air       100%       N/A       1%          4
Y - Jinxbite              Hex            100%       N/A       0%          2
Z - Fugue of the Fallen   Necr           78%        N/A       0%          3
Your spell library was empty.

Inventory:

Hand Weapons
 a - the +6 Majin-Bo {spellvamp, MP+6 Int+6}
   (You acquired it on level 2 of the Spider Nest)

   Int+6:     It affects your intelligence (+6).
   MP+6:      It affects your magic capacity (+6).
 U - the +8 dagger "Qeniasat" {spect, Will+ Int+5}
   (You bought it in a shop on level 2 of the Orcish Mines)

   Int+5:     It affects your intelligence (+5).
   Will+:     It increases your willpower.
Armour
 h - a +2 helmet of intelligence (worn)
 i - a +1 cloak of poison resistance
 s - a +0 troll leather armour (worn)
 B - a +1 pair of gloves (worn)
 O - the scarf "Piyps" (worn) {shadows, rElec}
   (You found it on level 12 of the Dungeon)

   rElec:     It insulates you from electricity.
 Y - a +1 buckler of reflection (worn)
Jewellery
 j - an amulet of regeneration
 v - a ring of see invisible (left hand)
 C - a ring of ice
 D - the dreamdust necklace (around neck) {Acrobat}
   (You found it on level 4 of the Shoals)

   [amulet of the acrobat]

   Acrobat:   It increases your evasion while moving and waiting.
 I - a +6 ring of intelligence
 N - a ring of positive energy
 T - a +4 ring of protection (right hand)
 Z - a ring of wizardry
Wands
 b - a wand of flame (59)
 d - a wand of quicksilver (3)
 w - a wand of mindburst (8)
 E - a wand of digging (18)
 M - a wand of iceblast (13)
 P - a wand of paralysis (19)
Scrolls
 c - 6 scrolls of blinking
 f - 13 scrolls of teleportation {@r2@r2}
 g - a scroll of fear
 n - 7 scrolls of enchant weapon
 o - 3 scrolls of enchant armour
 p - 5 scrolls of revelation
 r - 2 scrolls of brand weapon
 F - 2 scrolls of torment
 G - 5 scrolls of noise
 K - 7 scrolls of immolation
 Q - 2 scrolls of vulnerability
 R - 3 scrolls of poison
 W - 2 scrolls of silence {!r!r}
Potions
 e - 6 potions of enlightenment
 k - 3 potions of brilliance
 l - 19 potions of curing {@q1@q1}
 m - 8 potions of haste {@q3@q3}
 q - 4 potions of attraction
 t - 2 potions of invisibility
 u - 10 potions of mutation
 z - 3 potions of resistance
 A - 3 potions of cancellation
 J - 2 potions of lignification
 S - 6 potions of ambrosia
 V - 4 potions of might
 X - a potion of berserk rage {!q!q}
Miscellaneous
 H - a phial of floods
 L - a condenser vane

Dungeon Overview and Level Annotations

Branches:
Dungeon (15/15)            Temple (0/1) D:7            Lair (5/5) D:8
 Shoals (4/4) Lair:2       Spider (4/4) Lair:3        Slime (0/5) Lair:4
    Orc (2/2) D:11            Elf (0/3) Orc:2        Vaults (1/5) D:14
 Depths (0/4) D:15        Ossuary (visited)

Altars:
Ashenzari
Cheibriados
Hepliaklqana
Makhleb
Nemelex Xobeh
Okawaru
Qazlal
Ru
Trog
Uskayaw
Wu Jian
Xom
The Shining One
Jiyva

Shops:
D:6 [   D:9 [   D:14 *([[   Orc:2 *!([[   Shoals:2 ?

Annotations:
D:15 2 transporters, zureal's ghost, journeyman MiBe
Spider:3 2 transporters, Boorch's ghost, adept HuFE

..
▒+▒+▒+▒▒...
c......▒..
▒▒▒......c.
▒.+......▒
▒....<§▒
+...pc§▒
▒'▒'▒c▒▒
▒.▒@▒ ▒▒▒▒▒


You could see a vault warden and 2 centaur warriors.


Message History

Items here: a +1 short sword of venom; a +0 great mace; a +4 ring mail.
An open door.
Unknown command.
You feel much better.
The centaur warrior wields a +0 shortbow.
The centaur warrior shoots an arrow.
The arrow hits your great orb of eyes!
The centaur warrior shoots an arrow.
The arrow hits your great orb of eyes!
Your great orb of eyes bites the centaur warrior but does no damage.
The vault warden barely misses you.
Unknown command.
Unknown command.
Unknown command.
As you read the scroll of teleportation {@r2@r2}, it crumbles to dust.
You feel strangely unstable.
The centaur warrior shoots an arrow.
The arrow hits your great orb of eyes!
The centaur warrior shoots an arrow.
The arrow hits your great orb of eyes!
The centaur warrior shoots an arrow.
The arrow hits your great orb of eyes!
The centaur warrior unwields a +0 orcbow.
The centaur warrior hits your great orb of eyes but does no damage.
The centaur warrior kicks your great orb of eyes.
Your great orb of eyes bites the centaur warrior.
The vault warden misses you.
Unknown command.
Unknown command.
The centaur warrior shoots an arrow.
The arrow hits your great orb of eyes!
Your great orb of eyes dies!
Your great orb of eyes disappears in a puff of smoke!
The vault warden hits you from afar with a +0 bardiche!!
You die...
Your body glows slightly and disappears.

Skill      XL: |  1  2  3  4  5  6  7  8  9 10 11 12 13 14 15 16 17 18 19 |
---------------+----------------------------------------------------------+-----
Spellcasting   | 3 4 5 6 7 9 10 11 12 13 14 15 16 | 16.5
Conjurations   | 3 4 5 6 7 9 10 11 12 13 14 15 16 | 16.5
Hexes          | 3 4 5 6 7 9 10 11 12 13 14 15 16 | 16.5
Summonings     | 3 4 5 6 7 9 10 11 12 13 14 15 16 | 16.5
Necromancy     | 3 4 5 6 7 9 10 11 12 13 14 15 16 | 16.5
Translocations | 3 4 5 6 7 9 10 11 12 13 14 15 16 | 16.5
Fire Magic     | 3 4 5 6 7 9 10 11 12 13 14 15 16 | 16.5
Ice Magic      | 3 4 5 6 7 9 10 11 12 13 14 15 16 | 16.5
Air Magic      | 3 4 5 6 7 9 10 11 12 13 14 15 16 | 16.5
Earth Magic    | 3 4 5 6 7 9 10 11 12 13 14 15 16 | 16.5
Alchemy        | 3 4 5 6 7 9 10 11 12 13 14 15 16 | 16.5
Fighting       | 3 4 5 6 7 9 11 13 14 15 16 17 18 19 20 | 20.9
Shields        | 4 5 7 9 10 | 10.0
Dodging        | 5 9 11 12 14 15 16 | 16.9
Long Blades    | |  1.7
Throwing       | |  0.7
Armour         | |  1.0

Action                     |  1- 3 |  4- 6 |  7- 9 | 10-12 | 13-15 | 16-18 | 19-21 || total
---------------------------+-------+-------+-------+-------+-------+-------+-------++-------
  Melee: Falchion          |    62 |     1 |       |       |       |       |       ||    63
         Punch             |     1 |     2 |    48 |     4 |       |       |       ||    55
         Dagger            |       |    17 |   421 |   308 |   724 |       |       ||  1470
   Cast: Freeze            |    31 |    99 |    88 |    95 |     2 |       |     1 ||   316
         Manifold Assault  |       |       |     3 |   148 |   503 |       |       ||   654
         Tukima's Dance    |       |       |     2 |     1 |       |       |       ||     3
         Teleport Other    |       |       |    13 |       |       |     1 |     2 ||    16
         Vhi's Electric Ch |       |       |     1 |       |       |       |       ||     1
         Blink             |       |       |     2 |     3 |     2 |     2 |       ||     9
         Borgnjor's Vile C |       |       |       |   135 |   297 |     2 |     1 ||   435
         Lesser Beckoning  |       |       |       |     1 |     5 |     1 |       ||     7
         Plasma Beam       |       |       |       |       |   259 |   508 |   246 ||  1013
         Orb of Destructio |       |       |       |       |       |       |     3 ||     3
 Invoke: Draw Destruction  |       |       |       |    13 |       |       |       ||    13
  Evoke: Wand              |       |       |       |     5 |       |       |       ||     5
    Use: Scroll            |       |       |    17 |     3 |    12 |     4 |     5 ||    41
         Potion            |       |       |     3 |     1 |     1 |     1 |     1 ||     7
   Stab: Sleeping          |     1 |       |       |       |       |       |       ||     1
 Armour: Leather armour    |    41 |       |       |       |       |       |       ||    41
         Ring mail         |    14 |    73 |   339 |   185 |       |       |       ||   611
         Troll leather arm |       |       |       |    84 |   300 |   219 |    70 ||   673
  Dodge: Dodged            |    79 |    42 |   248 |   135 |   243 |   200 |    60 ||  1007
  Block: Buckler           |       |       |       |       |     1 |    85 |    27 ||   113
         Reflection        |       |       |       |       |       |     7 |     8 ||    15

Levels and vault maps discovered:
D:1:      reono_arrival_forest_river, layout_basic,
          ebering_ecumenical_altar_ruins
D:2:      layout_basic
D:3:      cheibrodos_fertilizer, layout_loops_ring, uniq_natasha
D:4:      minmay_opposing_rooms, layout_gridville,
          pdpol_wu_jian_five_deadly_venoms
D:5:      layout_loops_ring, mainiacjoe_overflow_brackets
D:6:      layout_loops_corners, kennysheep_slug_shrine, lemuel_round_altar,
          gup_sewer_entry_pipe, serial_shops, shop
D:7:      layout_loops_cross, nicolae_qazlal_general_emergency,
          nicolae_overflow_quartered_altars, eat_drink_and_be_merry_uskayaw,
          mainiacjoe_overflow_catwalk, minmay_temple_entry_glass,
          enter_ossuary_3
D:8:      nicolae_cairo_tiling, layout_layer_cave, okawaru_ov_weapons_minmay,
          serial_library_regret_index_branch_corner, uniq_jeremiah, uniq_grum,
          uniq_maggie
D:9:      layout_basic, serial_shops, shop, dreamdust_princess_bridge,
          nicolae_hexahallways, hangedman_abyss_or_decor_passed,
          minmay_crystal_water, chequers_serial_rivers_micro_d
D:10:     layout_cave_pools, minivault_10
D:11:     layout_irregular_city, david_orc_4, hangedman_decor_peaks_small,
          kennysheep_cross_room
D:12:     layout_long_grid, uniq_nergalle
D:13:     layout_loops_corners, nicolae_transporter_intersection, uniq_nessos
D:14:     layout_basic, david_vaults_1, serial_shops, bzr_in_the_mist, shop,
          shop, nicolae_shop_overgrown_old_shop, nicolae_shop_window_shopping,
          nicolae_ru_path_of_blood, uniq_louise
D:15:     grunt_enter_depths_snipers, layout_cave_pools,
          minmay_misc_feat_four_crosses, gammafunk_ghost_arena, bloody_makhleb
Lair:1:   layout_cave_pods
Lair:2:   layout_small_grid, minmay_shoals_entry_centaurs
Lair:3:   statuecave_lemuel, layout_hall_layers, spider_nest_entry_webs,
          grunt_megastairs_2
Lair:4:   layout_loops_ring, minmay_slime_entry_jelly_boxes, lemuel_fruit_tree
Lair:5:   hangedman_lair_caniforms_friends, layout_regular_city,
          wad_woods_road_02, serial_bayou_pond_d, bobbens_dragon_lair_wall
Shoals:1: cheibrodos_shoals_oceanic_diplomacy, layout_shoals,
          serial_nicolae_subway, nicolae_sub_station_crystal,
          nicolae_sub_station_stone, nicolae_sub_station_metal
Shoals:2: layout_shoals, serial_shops, shop, uniq_roxanne
Shoals:3: layout_shoals, st_cyclops
Shoals:4: shoals_end_simple, layout_shoals, serial_shops, bzr_entry_islet,
          uniq_aizul
Spider:1: layout_chambers, guppyfry_spider_mini_3
Spider:2: layout_chambers, uniq_arachne
Spider:3: layout_spider_delve, gammafunk_ghost_berserking_beasts,
          uniq_bai_suzhen, uniq_agnes
Spider:4: johnstein_spider_rune_arachne_lair
Orc:1:    layout_caves, basic_altar, blackcustard_rock_pile
Orc:2:    grunt_orc_community_town_hall, layout_caves,
          grunt_orc_community_big_house_2, grunt_orc_community_big_house_2,
          grunt_orc_community_house_2, grunt_orc_community_house_2,
          grunt_orc_community_house_1, grunt_orc_community_house_2,
          grunt_orc_community_house_2, gammafunk_ghost_wrathful_warriors,
          serial_shops, shop, basic_altar, uniq_urug, uniq_josephine
Vaults:1: vaults_dpeg_doors, nicolae_vaults_little_squares_6,
          vaults_room_stairs_pillars, nicolae_vaults_c_with_doors,
          ontoclasm_vaults_ring_large, v_misc_29, nicolae_vaults_network_s,
          nicolae_vaults_steering_wheel, hangedman_vaults_snaps,
          hangedman_vaults_river_flow, nicolae_vaults_shelves_hall, v_misc_13,
          nicolae_vaults_little_squares_4, vaults_dpeg_ring,
          layout_vaults_big_cross

Notes
Turn   | Place    | Note
-------+----------+-------------------------------------------
     0 | D:1      | cforsyth the Djinni Warper began the quest for the Orb.
     0 | D:1      | cforsyth set off with the following spells memorised:
                  | Blink, Lesser Beckoning, Teleport Other, Manifold Assault,
                  | Vhi's Electric Charge.
     0 | D:1      | Reached XP level 1. HP: 18/18 MP: 0/0
    22 | D:1      | Reached skill level 3 in Spellcasting
    22 | D:1      | Reached skill level 3 in Conjurations
    22 | D:1      | Reached skill level 3 in Hexes
    22 | D:1      | Reached skill level 3 in Summonings
    22 | D:1      | Reached skill level 3 in Necromancy
    22 | D:1      | Reached skill level 3 in Translocations
    22 | D:1      | Reached skill level 3 in Fire Magic
    22 | D:1      | Reached skill level 3 in Ice Magic
    22 | D:1      | Reached skill level 3 in Air Magic
    22 | D:1      | Reached skill level 3 in Earth Magic
    22 | D:1      | Reached skill level 3 in Alchemy
    72 | D:1      | Found a faded altar of an unknown god.
    97 | D:1      | Reached XP level 2. HP: 23/23 MP: 0/0
   318 | D:1      | Prayed at the altar of an unknown god.
   318 | D:1      | Became a worshipper of Nemelex Xobeh the Trickster
   318 | D:1      | Reached * piety under Nemelex Xobeh
   542 | D:2      | Received a gift from Nemelex Xobeh
   649 | D:2      | Reached XP level 3. HP: 28/29 MP: 0/0
   649 | D:2      | Learned a level 1 spell: Freeze
   763 | D:2      | Reached ** piety under Nemelex Xobeh
  1167 | D:2      | Reached skill level 3 in Fighting
  1626 | D:3      | Noticed Natasha
  1703 | D:3      | Killed Natasha
  1704 | D:3      | Reached XP level 4. HP: 33/35 MP: 0/0
  1739 | D:3      | Identified the +1 leather armour of Ehyr {rN+}
  2167 | D:3      | Found a hazy altar of Hepliaklqana.
  2167 | D:3      | Found a glowing golden altar of the Shining One.
  2167 | D:3      | Found a hazy altar of Hepliaklqana.
  2167 | D:3      | Found a hide-covered altar of Uskayaw.
  2167 | D:3      | Received a gift from Nemelex Xobeh
  2178 | D:3      | Reached XP level 5. HP: 38/41 MP: 0/0
  2178 | D:3      | Learned a level 2 spell: Jinxbite
  2297 | D:3      | Reached *** piety under Nemelex Xobeh
  2496 | D:4      | Reached skill level 4 in Fighting
  2496 | D:4      | Reached skill level 4 in Spellcasting
  2496 | D:4      | Reached skill level 4 in Conjurations
  2496 | D:4      | Reached skill level 4 in Hexes
  2496 | D:4      | Reached skill level 4 in Summonings
  2496 | D:4      | Reached skill level 4 in Necromancy
  2496 | D:4      | Reached skill level 4 in Translocations
  2496 | D:4      | Reached skill level 4 in Fire Magic
  2496 | D:4      | Reached skill level 4 in Ice Magic
  2496 | D:4      | Reached skill level 4 in Air Magic
  2496 | D:4      | Reached skill level 4 in Earth Magic
  2496 | D:4      | Reached skill level 4 in Alchemy
  2699 | D:4      | Reached XP level 6. HP: 37/48 MP: 0/0
  3485 | D:4      | Found an ornate altar of the Wu Jian Council.
  3534 | D:4      | Reached skill level 5 in Fighting
  3693 | D:4      | Noticed a spectral centipede
  3693 | D:4      | Noticed a spectral black mamba
  3693 | D:4      | Noticed a spectral cane toad
  3762 | D:5      | Entered Level 5 of the Dungeon
  3798 | D:5      | Reached XP level 7. HP: 37/54 MP: 0/0
  3798 | D:5      | Learned a level 3 spell: Tukima's Dance
  3867 | D:5      | Received a gift from Nemelex Xobeh
  3963 | D:5      | Reached **** piety under Nemelex Xobeh
  4117 | D:5      | Reached skill level 5 in Spellcasting
  4117 | D:5      | Reached skill level 5 in Conjurations
  4117 | D:5      | Reached skill level 5 in Hexes
  4117 | D:5      | Reached skill level 5 in Summonings
  4117 | D:5      | Reached skill level 5 in Necromancy
  4117 | D:5      | Reached skill level 5 in Translocations
  4117 | D:5      | Reached skill level 5 in Fire Magic
  4117 | D:5      | Reached skill level 5 in Ice Magic
  4117 | D:5      | Reached skill level 5 in Air Magic
  4117 | D:5      | Reached skill level 5 in Earth Magic
  4117 | D:5      | Reached skill level 5 in Alchemy
  4324 | D:5      | Reached skill level 6 in Fighting
  4719 | D:6      | Identified 2 potions of resistance
  4865 | D:6      | Found Licoteof's Antique Armour Emporium.
  4869 | D:6      | Bought a translucent helmet for 237 gold pieces
  4869 | D:6      | Identified the +0 helmet of Qome Soo {rPois Dex+3} (You
                  | bought it in a shop on level 6 of the Dungeon)
  4890 | D:6      | Found a shimmering altar of Xom.
  4948 | D:6      | Reached XP level 8. HP: 60/61 MP: 0/0
  5049 | D:6      | Found a snail-covered altar of Cheibriados.
  5265 | D:6      | Reached skill level 7 in Fighting
  5303 | D:6      | Reached skill level 6 in Spellcasting
  5303 | D:6      | Reached skill level 6 in Conjurations
  5303 | D:6      | Reached skill level 6 in Hexes
  5303 | D:6      | Reached skill level 6 in Summonings
  5303 | D:6      | Reached skill level 6 in Necromancy
  5303 | D:6      | Reached skill level 6 in Translocations
  5303 | D:6      | Reached skill level 6 in Fire Magic
  5303 | D:6      | Reached skill level 6 in Ice Magic
  5303 | D:6      | Reached skill level 6 in Air Magic
  5303 | D:6      | Reached skill level 6 in Earth Magic
  5303 | D:6      | Reached skill level 6 in Alchemy
  5577 | D:6      | Received a gift from Nemelex Xobeh
  5836 | D:7      | Found a sacrificial altar of Ru.
  5836 | D:7      | Found a burning altar of Makhleb.
  5836 | D:7      | Found a sand-covered staircase.
  5836 | D:7      | Found a bloodstained altar of Trog.
  5847 | Ossuary  | Entered an ossuary
  5847 | Ossuary  | Found a huge runed translucent gate.
  5847 | Ossuary  | Found a huge runed translucent gate.
  5847 | Ossuary  | Found a huge runed translucent gate.
  5847 | Ossuary  | Found a huge runed translucent gate.
  5847 | Ossuary  | Found a huge runed translucent gate.
  5847 | Ossuary  | Found a huge runed translucent gate.
  5847 | Ossuary  | Found a huge runed translucent gate.
  5847 | Ossuary  | Found a huge runed translucent gate.
  5848 | Ossuary  | Found a huge runed translucent gate.
  5848 | Ossuary  | Found a huge runed translucent gate.
  5848 | Ossuary  | Found a huge runed translucent gate.
  5849 | Ossuary  | Found a huge runed translucent gate.
  5849 | Ossuary  | Found a huge runed translucent gate.
  5851 | Ossuary  | Found a huge runed translucent gate.
  5851 | Ossuary  | Found a huge runed translucent gate.
  5853 | Ossuary  | Found a huge runed translucent gate.
  5853 | Ossuary  | Found a huge runed translucent gate.
  5853 | Ossuary  | Found a huge runed translucent gate.
  5853 | Ossuary  | Found a huge runed translucent gate.
  5920 | Ossuary  | Found a huge runed translucent gate.
  5920 | Ossuary  | Found a huge runed translucent gate.
  5920 | Ossuary  | Found a huge runed translucent gate.
  5922 | Ossuary  | Found a huge runed translucent gate.
  5922 | Ossuary  | Found a huge runed translucent gate.
  5923 | Ossuary  | Found a huge runed translucent gate.
  5923 | Ossuary  | Found a huge runed translucent gate.
  5924 | Ossuary  | Found a huge runed translucent gate.
  5924 | Ossuary  | Found a huge runed translucent gate.
  5931 | Ossuary  | Reached XP level 9. HP: 62/70 MP: 0/0
  5931 | Ossuary  | Learned a level 3 spell: Fugue of the Fallen
  5939 | Ossuary  | Found a huge runed translucent gate.
  5940 | Ossuary  | Found a huge runed translucent gate.
  5940 | Ossuary  | Found a huge runed translucent gate.
  5956 | Ossuary  | Found a huge runed translucent gate.
  5957 | Ossuary  | Found a huge runed translucent gate.
  5957 | Ossuary  | Found a huge runed translucent gate.
  5960 | Ossuary  | Found a huge runed translucent gate.
  6275 | Ossuary  | Reached skill level 8 in Fighting
  6702 | D:7      | Found a broken altar of Ashenzari.
  6770 | D:7      | Found a hide-covered altar of Uskayaw.
  7014 | D:6      | Reached skill level 7 in Spellcasting
  7014 | D:6      | Reached skill level 7 in Conjurations
  7014 | D:6      | Reached skill level 7 in Hexes
  7014 | D:6      | Reached skill level 7 in Summonings
  7014 | D:6      | Reached skill level 7 in Necromancy
  7014 | D:6      | Reached skill level 7 in Translocations
  7014 | D:6      | Reached skill level 7 in Fire Magic
  7014 | D:6      | Reached skill level 7 in Ice Magic
  7014 | D:6      | Reached skill level 7 in Air Magic
  7014 | D:6      | Reached skill level 7 in Earth Magic
  7014 | D:6      | Reached skill level 7 in Alchemy
  7284 | D:6      | Reached skill level 9 in Fighting
  7799 | D:7      | Found a staircase to the Ecumenical Temple.
  7806 | D:7      | Received a gift from Nemelex Xobeh
  8018 | D:7      | Found a stormy altar of Qazlal.
  8196 | D:7      | Received a gift from Nemelex Xobeh
  8410 | D:8      | Noticed Grum
  8785 | D:8      | Killed Grum
  8932 | D:8      | Reached XP level 10. HP: 79/79 MP: 0/0
  9024 | D:8      | Received a gift from Nemelex Xobeh
  9071 | D:8      | Reached ***** piety under Nemelex Xobeh
  9080 | D:8      | Noticed Maggie
  9093 | D:8      | Killed Maggie
  9094 | D:8      | Reached skill level 10 in Fighting
  9094 | D:8      | Reached skill level 8 in Spellcasting
  9094 | D:8      | Reached skill level 8 in Conjurations
  9094 | D:8      | Reached skill level 8 in Hexes
  9094 | D:8      | Reached skill level 8 in Summonings
  9094 | D:8      | Reached skill level 8 in Necromancy
  9094 | D:8      | Reached skill level 8 in Translocations
  9094 | D:8      | Reached skill level 8 in Fire Magic
  9094 | D:8      | Reached skill level 8 in Ice Magic
  9094 | D:8      | Reached skill level 8 in Air Magic
  9094 | D:8      | Reached skill level 8 in Earth Magic
  9094 | D:8      | Reached skill level 8 in Alchemy
  9307 | D:8      | Found an iron altar of Okawaru.
  9324 | D:8      | Found a staircase to the Lair.
  9512 | D:8      | Noticed Jeremiah
  9569 | D:8      | Jeremiah changed into Jeremiah the tengu
  9569 | D:8      | Noticed Jeremiah
  9572 | D:8      | Killed Jeremiah the tengu
  9718 | D:8      | Received a gift from Nemelex Xobeh
 10318 | D:9      | Found Atudwown's Armour Emporium.
 11070 | D:9      | Reached skill level 11 in Fighting
 11769 | D:9      | Received a gift from Nemelex Xobeh
 12090 | D:9      | Reached skill level 9 in Spellcasting
 12090 | D:9      | Reached skill level 9 in Conjurations
 12090 | D:9      | Reached skill level 9 in Hexes
 12090 | D:9      | Reached skill level 9 in Summonings
 12090 | D:9      | Reached skill level 9 in Necromancy
 12090 | D:9      | Reached skill level 9 in Translocations
 12090 | D:9      | Reached skill level 9 in Fire Magic
 12090 | D:9      | Reached skill level 9 in Ice Magic
 12090 | D:9      | Reached skill level 9 in Air Magic
 12090 | D:9      | Reached skill level 9 in Earth Magic
 12090 | D:9      | Reached skill level 9 in Alchemy
 12346 | D:10     | Entered Level 10 of the Dungeon
 12480 | D:10     | Reached XP level 11. HP: 72/87 MP: 0/0
 12480 | D:10     | Learned a level 5 spell: Borgnjor's Vile Clutch
 12821 | D:10     | Received a gift from Nemelex Xobeh
 12971 | D:10     | Reached skill level 12 in Fighting
 13172 | D:10     | Received a gift from Nemelex Xobeh
 13978 | D:11     | Noticed a two-headed ogre
 13986 | D:11     | Killed a two-headed ogre
 14335 | D:11     | Reached skill level 10 in Spellcasting
 14335 | D:11     | Reached skill level 10 in Conjurations
 14335 | D:11     | Reached skill level 10 in Hexes
 14335 | D:11     | Reached skill level 10 in Summonings
 14335 | D:11     | Reached skill level 10 in Necromancy
 14335 | D:11     | Reached skill level 10 in Translocations
 14335 | D:11     | Reached skill level 10 in Fire Magic
 14335 | D:11     | Reached skill level 10 in Ice Magic
 14335 | D:11     | Reached skill level 10 in Air Magic
 14335 | D:11     | Reached skill level 10 in Earth Magic
 14335 | D:11     | Reached skill level 10 in Alchemy
 14505 | D:11     | Found a staircase to the Orcish Mines.
 14599 | D:11     | Received a gift from Nemelex Xobeh
 14891 | D:12     | Reached skill level 13 in Fighting
 14950 | D:12     | Identified the scarf "Piyps" {shadows, rElec}
 15033 | D:12     | Noticed a manticore
 15040 | D:12     | Killed a manticore
 15105 | D:12     | Noticed a cyclops
 15111 | D:12     | Killed a cyclops
 15112 | D:12     | Reached XP level 12. HP: 78/98 MP: 0/0
 15213 | D:12     | Identified the +1 dagger "Juyttiky" {freeze, rN+ Will-
                  | Int+4}
 15285 | D:12     | Reached ****** piety under Nemelex Xobeh
 15345 | D:12     | Noticed a boulder beetle
 15357 | D:12     | Killed a boulder beetle
 15451 | D:12     | Noticed a two-headed ogre
 15459 | D:12     | Killed a two-headed ogre
 15496 | D:12     | Noticed a skeletal warrior
 15498 | D:12     | Noticed a skeletal warrior
 15498 | D:12     | Noticed a skeletal warrior
 15500 | D:12     | Noticed a skeletal warrior
 15502 | D:12     | Received a gift from Nemelex Xobeh
 15503 | D:12     | Noticed a two-headed ogre
 15511 | D:12     | Killed a skeletal warrior
 15512 | D:12     | Reached skill level 14 in Fighting
 15512 | D:12     | Reached skill level 11 in Spellcasting
 15512 | D:12     | Reached skill level 11 in Conjurations
 15512 | D:12     | Reached skill level 11 in Hexes
 15512 | D:12     | Reached skill level 11 in Summonings
 15512 | D:12     | Reached skill level 11 in Necromancy
 15512 | D:12     | Reached skill level 11 in Translocations
 15512 | D:12     | Reached skill level 11 in Fire Magic
 15512 | D:12     | Reached skill level 11 in Ice Magic
 15512 | D:12     | Reached skill level 11 in Air Magic
 15512 | D:12     | Reached skill level 11 in Earth Magic
 15512 | D:12     | Reached skill level 11 in Alchemy
 15512 | D:12     | Noticed Nergalle
 15532 | D:12     | Killed a skeletal warrior
 15657 | D:11     | Killed a skeletal warrior
 16005 | D:12     | Killed Nergalle
 16243 | D:12     | Killed a skeletal warrior
 16453 | Lair:1   | Entered Level 1 of the Lair of Beasts
 16453 | Lair:1   | Received a gift from Nemelex Xobeh
 16968 | Lair:1   | Reached XP level 13. HP: 72/106 MP: 0/0
 16968 | Lair:1   | Learned a level 5 spell: Silence
 17174 | Lair:1   | Reached skill level 15 in Fighting
 17680 | Lair:1   | Received a gift from Nemelex Xobeh
 17835 | Lair:2   | Reached skill level 1 in Shields
 17989 | Lair:2   | Reached skill level 3 in Dodging
 18139 | Lair:2   | Found a staircase to the Shoals.
 18226 | Lair:2   | Reached skill level 2 in Shields
 18590 | Lair:2   | Received a gift from Nemelex Xobeh
 18636 | Lair:2   | Reached skill level 4 in Dodging
 18636 | Lair:2   | Reached skill level 12 in Spellcasting
 18636 | Lair:2   | Reached skill level 12 in Conjurations
 18636 | Lair:2   | Reached skill level 12 in Hexes
 18636 | Lair:2   | Reached skill level 12 in Summonings
 18636 | Lair:2   | Reached skill level 12 in Necromancy
 18636 | Lair:2   | Reached skill level 12 in Translocations
 18636 | Lair:2   | Reached skill level 12 in Fire Magic
 18636 | Lair:2   | Reached skill level 12 in Ice Magic
 18636 | Lair:2   | Reached skill level 12 in Air Magic
 18636 | Lair:2   | Reached skill level 12 in Earth Magic
 18636 | Lair:2   | Reached skill level 12 in Alchemy
 18639 | Lair:2   | Reached skill level 3 in Shields
 19111 | Lair:3   | Noticed a seven-headed hydra
 19125 | Lair:3   | Killed a seven-headed hydra
 19451 | Lair:3   | Reached skill level 5 in Dodging
 19528 | Lair:3   | Found a hole to the Spider Nest.
 19541 | Lair:3   | Reached skill level 4 in Shields
 19793 | Lair:3   | Received a gift from Nemelex Xobeh
 19907 | Lair:3   | Identified the +0 robe of Maeplam {SInv}
 20839 | Lair:4   | Reached XP level 14. HP: 87/115 MP: 0/0
 20840 | Lair:4   | Reached skill level 6 in Dodging
 20916 | Lair:4   | Reached skill level 5 in Shields
 21231 | Lair:4   | Received a gift from Nemelex Xobeh
 21233 | Lair:4   | Found a viscous altar of Jiyva.
 21294 | Lair:4   | Reached skill level 16 in Fighting
 21415 | Lair:4   | Found a staircase to the Slime Pits.
 21512 | Lair:4   | Reached skill level 7 in Dodging
 21915 | Lair:5   | Entered Level 5 of the Lair of Beasts
 22448 | Lair:5   | Received a gift from Nemelex Xobeh
 22999 | Lair:5   | Reached skill level 8 in Dodging
 23284 | Lair:5   | Reached skill level 13 in Spellcasting
 23284 | Lair:5   | Reached skill level 13 in Conjurations
 23284 | Lair:5   | Reached skill level 13 in Hexes
 23284 | Lair:5   | Reached skill level 13 in Summonings
 23284 | Lair:5   | Reached skill level 13 in Necromancy
 23284 | Lair:5   | Reached skill level 13 in Translocations
 23284 | Lair:5   | Reached skill level 13 in Fire Magic
 23284 | Lair:5   | Reached skill level 13 in Ice Magic
 23284 | Lair:5   | Reached skill level 13 in Air Magic
 23284 | Lair:5   | Reached skill level 13 in Earth Magic
 23284 | Lair:5   | Reached skill level 13 in Alchemy
 24225 | Lair:5   | Reached skill level 9 in Dodging
 24588 | Lair:5   | Reached XP level 15. HP: 90/123 MP: 0/0
 24588 | Lair:5   | Learned a level 6 spell: Plasma Beam
 24857 | Lair:5   | Reached skill level 17 in Fighting
 25728 | Orc:1    | Entered Level 1 of the Orcish Mines
 26149 | Orc:1    | Reached skill level 10 in Dodging
 26175 | Orc:1    | Received a gift from Nemelex Xobeh
 26537 | Orc:2    | Entered Level 2 of the Orcish Mines
 26554 | Orc:2    | Noticed SirDiesAlot's ghost (journeyman OpAE)
 26562 | Orc:2    | Found a transporter.
 26570 | Orc:2    | Found a transporter.
 26625 | Orc:2    | Found a staircase to the Elven Halls.
 26668 | Orc:2    | Noticed Josephine
 26670 | Orc:2    | Killed Josephine
 27036 | Orc:2    | Noticed an orc warlord
 27047 | Orc:2    | Killed an orc warlord
 27072 | Orc:2    | Received a gift from Nemelex Xobeh
 27499 | Orc:2    | Found Zusk's Distillery.
 27506 | Orc:2    | Bought a potion of might for 44 gold pieces
 27506 | Orc:2    | Bought a potion of mutation for 88 gold pieces
 27506 | Orc:2    | Bought a potion of curing for 33 gold pieces
 27730 | Orc:2    | Found Zeugod's Assorted Antiques.
 27780 | Orc:2    | Noticed Urug
 27790 | Orc:2    | Killed Urug
 28028 | Orc:2    | Found Kustruk's Antique Armour Boutique.
 28078 | Orc:2    | Found Joygy's Antique Weapon Emporium.
 28079 | Orc:2    | Found Orest's Antique Armour Shoppe.
 28086 | Orc:2    | Bought a faintly humming leather armour for 203 gold pieces
 28086 | Orc:2    | Identified the +1 leather armour of the Exiled Towns {rF-
                  | MP+9 Dex+6} (You bought it in a shop on level 2 of the
                  | Orcish Mines)
 28086 | Orc:2    | Bought a spiked leather armour for 203 gold pieces
 28086 | Orc:2    | Identified the +1 leather armour of Untold Secrets {rF+
                  | Stlth+} (You bought it in a shop on level 2 of the Orcish
                  | Mines)
 28094 | Orc:2    | Bought an ancient dagger for 189 gold pieces
 28094 | Orc:2    | Identified the +8 dagger "Qeniasat" {spect, Will+ Int+5}
                  | (You bought it in a shop on level 2 of the Orcish Mines)
 28241 | D:13     | Reached skill level 11 in Dodging
 28395 | D:13     | Found a transporter.
 28470 | D:13     | Received a gift from Nemelex Xobeh
 28526 | D:13     | Found a transporter.
 29049 | D:13     | Noticed Nessos
 29053 | D:13     | Killed Nessos
 29083 | D:13     | Received a gift from Nemelex Xobeh
 29087 | D:13     | Found a transporter.
 29135 | D:13     | Found a transporter.
 29325 | D:14     | Found a flickering gateway to a bazaar.
 29333 | Bazaar   | Entered a bazaar
 29341 | Bazaar   | Found Ytodd's Book Shop.
 29355 | Bazaar   | Found Gafeot's Armour Boutique.
 29369 | Bazaar   | Found Guwuynom's Assorted Antiques.
 29383 | Bazaar   | Found Fosch's Antique Armour Boutique.
 29395 | Bazaar   | Received a gift from Nemelex Xobeh
 29397 | Bazaar   | Found Duqoniri's Jewellery Shop.
 29411 | Bazaar   | Found Gotisah's Magic Scroll Boutique.
 29418 | Bazaar   | Bought a scroll of teleportation for 24 gold pieces
 29418 | Bazaar   | Bought a scroll of teleportation for 24 gold pieces
 29484 | Bazaar   | Bought an amulet of regeneration for 390 gold pieces
 29542 | D:14     | Reached skill level 14 in Spellcasting
 29542 | D:14     | Reached skill level 14 in Conjurations
 29542 | D:14     | Reached skill level 14 in Hexes
 29542 | D:14     | Reached skill level 14 in Summonings
 29542 | D:14     | Reached skill level 14 in Necromancy
 29542 | D:14     | Reached skill level 14 in Translocations
 29542 | D:14     | Reached skill level 14 in Fire Magic
 29542 | D:14     | Reached skill level 14 in Ice Magic
 29542 | D:14     | Reached skill level 14 in Air Magic
 29542 | D:14     | Reached skill level 14 in Earth Magic
 29542 | D:14     | Reached skill level 14 in Alchemy
 29542 | D:14     | Reached XP level 16. HP: 123/132 MP: 0/0
 29580 | D:14     | Noticed Louise
 29586 | D:14     | Killed Louise
 29746 | D:14     | Reached skill level 18 in Fighting
 29801 | D:14     | Found Radek's Antique Armour Emporium.
 29809 | D:14     | Bought a dazzling scale mail for 171 gold pieces
 29809 | D:14     | Identified the +2 scale mail of Macaroni {rF+ rCorr Int+9
                  | Dex-4} (You bought it in a shop on level 14 of the Dungeon)
 29977 | D:6      | Bought a distressingly furry leather armour for 175 gold
                  | pieces
 29977 | D:6      | Identified the +0 leather armour of Lilacs {+Inv MP+9} (You
                  | bought it in a shop on level 6 of the Dungeon)
 29977 | D:6      | Bought a glowing cloak for 187 gold pieces
 30584 | Orc:2    | Found a bloodstained altar of Trog.
 30591 | Orc:2    | Killed SirDiesAlot's ghost
 30761 | D:14     | Found Muluotuin's General Store.
 30805 | D:14     | Bought a +2 helmet of intelligence for 322 gold pieces
 30953 | D:14     | Reached skill level 12 in Dodging
 30967 | D:14     | Found Jitrumy's Antique Weapon Boutique.
 30993 | D:14     | Bought a fine shortbow for 264 gold pieces
 30993 | D:14     | Identified the +12 shortbow of Focus {flame, rN+ Dex+4}
                  | (You bought it in a shop on level 14 of the Dungeon)
 31045 | D:14     | Found a gate to the Vaults.
 31183 | D:14     | Found a sacrificial altar of Ru.
 31351 | D:14     | Received a gift from Nemelex Xobeh
 31394 | D:14     | Found Kuonn's Armour Shoppe.
 31557 | D:15     | Entered Level 15 of the Dungeon
 31557 | D:15     | Noticed zureal's ghost (journeyman MiBe)
 31557 | D:15     | Found a transporter.
 31567 | D:15     | Found a transporter.
 31611 | D:15     | Reached skill level 6 in Shields
 31823 | D:15     | Found a burning altar of Makhleb.
 32007 | D:15     | Found a staircase to the Depths.
 32035 | D:15     | Noticed a frost giant
 32037 | D:15     | Killed a frost giant
 32339 | Spider:1 | Entered Level 1 of the Spider Nest
 32515 | Spider:1 | Received a gift from Nemelex Xobeh
 32526 | Spider:1 | Reached skill level 7 in Shields
 32607 | Spider:1 | Reached XP level 17. HP: 123/139 MP: 0/0
 32607 | Spider:1 | Learned a level 6 spell: Death Channel
 32738 | Spider:1 | Received a gift from Nemelex Xobeh
 33300 | Spider:2 | Received a gift from Nemelex Xobeh
 33311 | Spider:2 | Reached skill level 13 in Dodging
 33493 | Spider:2 | Noticed Arachne
 33501 | Spider:2 | Killed Arachne
 33964 | Spider:2 | Received a gift from Nemelex Xobeh
 34096 | Spider:2 | Identified a scroll of acquirement
 34097 | Spider:2 | Acquired the +6 Majin-Bo {spellvamp, MP+6 Int+6}
 34097 | Spider:2 | Found the +6 Majin-Bo {spellvamp, MP+6 Int+6}
 34381 | Spider:3 | Noticed Agnes
 34440 | Spider:3 | Noticed Bai Suzhen
 34444 | Spider:3 | Reached skill level 8 in Shields
 34784 | Spider:2 | Killed Agnes
 35068 | Spider:2 | Reached skill level 19 in Fighting
 35819 | Spider:2 | Killed Bai Suzhen
 35989 | Spider:3 | Reached skill level 15 in Spellcasting
 35989 | Spider:3 | Reached skill level 15 in Conjurations
 35989 | Spider:3 | Reached skill level 15 in Hexes
 35989 | Spider:3 | Reached skill level 15 in Summonings
 35989 | Spider:3 | Reached skill level 15 in Necromancy
 35989 | Spider:3 | Reached skill level 15 in Translocations
 35989 | Spider:3 | Reached skill level 15 in Fire Magic
 35989 | Spider:3 | Reached skill level 15 in Ice Magic
 35989 | Spider:3 | Reached skill level 15 in Air Magic
 35989 | Spider:3 | Reached skill level 15 in Earth Magic
 35989 | Spider:3 | Reached skill level 15 in Alchemy
 36021 | Spider:3 | Noticed Boorch's ghost (adept HuFE)
 36055 | Spider:3 | Found a transporter.
 36070 | Spider:3 | Found a transporter.
 36099 | Spider:3 | Received a gift from Nemelex Xobeh
 36243 | Spider:4 | Entered Level 4 of the Spider Nest
 36261 | Spider:4 | Reached skill level 9 in Shields
 36263 | Spider:4 | Reached skill level 14 in Dodging
 36656 | Spider:4 | Reached XP level 18. HP: 138/148 MP: 0/0
 36934 | Spider:4 | Reached skill level 10 in Shields
 37115 | Spider:4 | Got a gossamer rune of Zot
 37139 | Spider:4 | Received a gift from Nemelex Xobeh
 37255 | Spider:4 | Reached skill level 15 in Dodging
 37357 | Spider:4 | Received a gift from Nemelex Xobeh
 37635 | Shoals:1 | Entered Level 1 of the Shoals
 37924 | Shoals:1 | Received a gift from Nemelex Xobeh
 37978 | Shoals:1 | Found a transporter.
 37982 | Shoals:1 | Found a transporter.
 38189 | Shoals:1 | Found a transporter.
 38194 | Shoals:1 | Found a transporter.
 38485 | Shoals:1 | Found a transporter.
 38485 | Shoals:1 | Found a transporter.
 38614 | Shoals:2 | Reached skill level 20 in Fighting
 38654 | Shoals:2 | Received a gift from Nemelex Xobeh
 38817 | Shoals:2 | Found Poil's Magic Scroll Emporium.
 38824 | Shoals:2 | Bought a scroll of blinking for 127 gold pieces
 38831 | Shoals:2 | Reached XP level 19. HP: 131/156 MP: 0/0
 38831 | Shoals:2 | Learned a level 7 spell: Orb of Destruction
 38983 | Shoals:2 | Noticed Roxanne
 39004 | Shoals:2 | Killed Roxanne
 39154 | Shoals:2 | Received a gift from Nemelex Xobeh
 39711 | Shoals:3 | Reached skill level 16 in Spellcasting
 39711 | Shoals:3 | Reached skill level 16 in Conjurations
 39711 | Shoals:3 | Reached skill level 16 in Hexes
 39711 | Shoals:3 | Reached skill level 16 in Summonings
 39711 | Shoals:3 | Reached skill level 16 in Necromancy
 39711 | Shoals:3 | Reached skill level 16 in Translocations
 39711 | Shoals:3 | Reached skill level 16 in Fire Magic
 39711 | Shoals:3 | Reached skill level 16 in Ice Magic
 39711 | Shoals:3 | Reached skill level 16 in Air Magic
 39711 | Shoals:3 | Reached skill level 16 in Earth Magic
 39711 | Shoals:3 | Reached skill level 16 in Alchemy
 39715 | Shoals:3 | Reached skill level 16 in Dodging
 40037 | Shoals:3 | Received a gift from Nemelex Xobeh
 40403 | Shoals:3 | Received a gift from Nemelex Xobeh
 40707 | Shoals:4 | Entered Level 4 of the Shoals
 40971 | Shoals:4 | Found a flickering gateway to a bazaar.
 40975 | Bazaar   | Entered a bazaar
 40975 | Bazaar   | Found Deocyt's Weapon Shop.
 40975 | Bazaar   | Found Beogeil's Antique Armour Emporium.
 40975 | Bazaar   | Found Hiutiuwes's General Store.
 40975 | Bazaar   | Found Caumucel's Book Shoppe.
 41037 | Bazaar   | Found Ustrogh's Magic Scroll Boutique.
 41037 | Bazaar   | Found Rammoi's Book Shoppe.
 41044 | Bazaar   | Bought a scroll of revelation for 52 gold pieces
 41044 | Bazaar   | Bought a scroll of revelation for 52 gold pieces
 41044 | Bazaar   | Bought a scroll of teleportation for 21 gold pieces
 41663 | Shoals:4 | Identified the serpent talisman "Oxousab" {Int+6 Stlth+}
 41663 | Shoals:4 | Noticed Aizul
 41679 | Shoals:4 | Killed Aizul
 41787 | Shoals:4 | Received a gift from Nemelex Xobeh
 41865 | Shoals:4 | Found the dreamshard necklace {Acrobat *Dream}
 41926 | Shoals:4 | Got a barnacled rune of Zot
 42623 | Vaults:1 | Entered Level 1 of the Vaults
 42639 | Vaults:1 | HP: 12/157 [vault warden/+0 bardiche (4)]
 42642 | Vaults:1 | Saved by the dreamshard amulet
 42645 | Vaults:1 | Slain by a vault warden

Vanquished Creatures
  Bai Suzhen (Spider:2)
  Arachne (Spider:2)
  Aizul (Shoals:4)
  Roxanne (Shoals:2)
  Agnes (Spider:2)
  3 emperor scorpions (Spider:4)
  A frost giant (D:15)
  Louise (D:14)
  4 ghost moths (Spider:4)
  An orc warlord (Orc:2)
  3 broodmothers
  The ghost of SirDiesAlot the Stormcaller, a journeyman OpAE of Gozag (Orc:2)
  A deep elf death mage (Vaults:1)
  Nessos (D:13)
  5 spark wasps
  3 merfolk javelineers (Shoals:4)
  2 entropy weavers
  5 merfolk impalers
  A fire dragon (Lair:5)
  Josephine (Orc:2)
  A hydra (Lair:3)
  A merfolk avatar (Shoals:3)
  2 catoblepae
  8 boulder beetles
  6 merfolk aquamancers
  3 centaur warriors
  An ogre mage (D:15)
  2 radroaches (Spider:4)
  3 jorogumos (Spider:4)
  3 alligator snapping turtles
  7 two-headed ogres
  5 satyrs
  7 demonic crawlers
  4 tengu warriors
  Urug (Orc:2)
  An orc high priest (Orc:2)
  Nergalle (D:12)
  A hell hog (Lair:5)
  6 skysharks
  5 pharaoh ants
  4 skeletal warriors
  2 deep trolls (Vaults:1)
  An orange crystal statue (Lair:3)
  4 sun moths
  3 arcanists
  12 orb spiders
  10 sea snakes
  7 steelbarb worms
  An ironbound convoker (Vaults:1)
  2 deep elf pyromancers (D:12)
  3 orc knights
  11 harpies
  16 ugly things
  An orc sorcerer (Orc:2)
  27 fauns
  27 wolf spiders
  11 torpor snails
  2 moths of wrath
  14 manticores
  13 cyclopes
  19 elephants
  5 meliai
  10 kobold blastminers
  9 water nymphs
  6 black mambas
  7 merfolk sirens
  Maggie (D:8)
  4 cane toads
  2 rime drakes (Lair:5)
  9 komodo dragons
  4 tengu conjurers
  10 trolls
  2 hornets (D:9)
  41 merfolk
  A polar bear (shapeshifter) (D:13)
  6 wind drakes
  22 tarantellas
  11 polar bears
  A raiju (Lair:5)
  9 blink frogs
  8 snapping turtles
  6 dream sheep (Lair:4)
  11 slime creatures (D:14)
  18 jumping spiders
  14 culicivoras
  7 wraiths
  15 water elementals
  4 wyverns
  2 vampires
  2 basilisks
  50 yaks
  Grum (D:8)
  7 wargs
  10 steam dragons
  60 redbacks
  4 vampire mosquitoes
  14 water moccasins
  16 hell hounds (Lair:5)
  31 orc warriors
  4 ice beasts
  13 black bears
  A sky beast (D:6)
  11 centaurs
  17 ogres
  A tengu (D:8)
  46 wolves
  A phantom (D:5)
  3 elf zombies (Ossuary)
  A weeping skull (Ossuary)
  4 kobold brigands
  14 bullfrogs
  2 gnoll sergeants
  3 scorpions
  A burial acolyte (Ossuary)
  11 wights
  4 killer bees (D:10)
  3 electric eels
  4 howler monkeys
  A lava snake (D:11)
  2 bombardier beetles (D:5)
  A hound (D:7)
  12 jellies
  10 orc priests
  A sleepcap (D:6)
  4 iguanas
  6 hell rats (Lair:5)
  18 orc wizards
  Natasha (D:3)
  2 mummies (Ossuary)
  12 gnolls
  5 adders
  3 shadow imps
  5 white imps
  3 dart slugs
  A ribbon worm (D:4)
  75 orcs
  9 ball pythons
  6 bats
  10 endoplasms
  4 giant cockroaches (D:6)
  A gnoll zombie (Ossuary)
  9 goblins
  5 hobgoblins
  7 jackals
  6 quokkas
  2 frilled lizards
  24 kobolds
  A kobold zombie (Ossuary)
  5 rats
  A rat zombie (D:7)
1132 creatures vanquished.

Vanquished Creatures (collateral kills)
  2 black mambas (Lair:4)
  An ogre (D:6)
  A jelly (Lair:4)
4 creatures vanquished.

Grand Total: 1136 creatures vanquished

Table legend: (Time is in decaauts)
 A = Elapsed time spent in this place.
 B = Non-inter-level travel time spent in this place.
 C = Inter-level travel time spent in this place.
 D = Time resting spent in this place.
 E = Time spent auto-exploring this place.
 F = Levels seen in this place.
 G = Mean time per level.
                   A        B        C        D        E       F      G
               +--------+--------+--------+--------+--------+-----+--------+
         Total |  42714 |  39987 |   2727 |   6566 |  25827 |  34 | 1256.3 |
       Dungeon |  20444 |  18677 |   1767 |   2835 |  12479 |  15 | 1362.9 |
          Lair |   8968 |   8436 |    532 |    856 |   5675 |   5 | 1793.6 |
        Shoals |   4665 |   4510 |    155 |    884 |   2900 |   4 | 1166.2 |
   Spider Nest |   5259 |   5059 |    200 |   1213 |   3077 |   4 | 1314.8 |
  Orcish Mines |   2283 |   2213 |     70 |    352 |   1424 |   2 | 1141.5 |
        Vaults |     21 |     21 |      0 |      0 |      3 |   1 |   21.0 |
        Bazaar |    294 |    294 |      0 |      0 |    180 |   2 |  147.0 |
       Ossuary |    776 |    776 |      0 |    426 |     89 |   1 |  776.0 |
               +--------+--------+--------+--------+--------+-----+--------+

Top non-repeatable levels by time:
  Lair:5: 2913 daAuts
     D:8: 2823 daAuts
Spider:2: 2185 daAuts
     D:6: 2138 daAuts
    D:11: 2093 daAuts
  Lair:4: 1791 daAuts
  Lair:3: 1761 daAuts
     D:9: 1651 daAuts
   Orc:2: 1620 daAuts
    D:10: 1487 daAuts
     D:7: 1426 daAuts
Spider:1: 1369 daAuts
  Lair:2: 1359 daAuts
Shoals:4: 1310 daAuts
    D:12: 1293 daAuts

Table legend:
 A = Non-vault XP
 B = Vault XP
 C = Vault XP percentage of total XP
 D = Non-vault monster count
 E = Vault monster count
 F = Vault count percentage of total count
                 A         B        C        D         E       F
            +---------+---------+-------+---------+---------+-------
      Total |  219400 |  116058 |  34.6 |     757 |     379 |  33.4
            +---------+---------+-------+---------+---------+-------
        D:1 |      24 |       0 |   0.0 |      15 |       0 |   0.0
        D:2 |      36 |       0 |   0.0 |      21 |       0 |   0.0
        D:3 |      19 |     136 |  87.7 |       4 |      15 |  78.9
        D:4 |     217 |      33 |  13.2 |      20 |       9 |  31.0
        D:5 |     464 |       0 |   0.0 |      13 |       0 |   0.0
        D:6 |    1890 |      20 |   1.0 |      30 |       9 |  23.1
        D:7 |     365 |     117 |  24.3 |      11 |       2 |  15.4
        D:8 |    2146 |     932 |  30.3 |      25 |       5 |  16.7
        D:9 |    2583 |       0 |   0.0 |      19 |       0 |   0.0
       D:10 |    3196 |       0 |   0.0 |      21 |       0 |   0.0
       D:11 |    3301 |    1613 |  32.8 |      20 |      16 |  44.4
       D:12 |    8546 |     783 |   8.4 |      17 |       1 |   5.6
       D:13 |    6771 |    1023 |  13.1 |      12 |       1 |   7.7
       D:14 |    9544 |    4336 |  31.2 |      27 |       7 |  20.6
       D:15 |   16322 |    2868 |  14.9 |      32 |       3 |   8.6
     Lair:1 |    3324 |       0 |   0.0 |      22 |       0 |   0.0
     Lair:2 |    5044 |     553 |   9.9 |      26 |       5 |  16.1
     Lair:3 |    7525 |    1911 |  20.3 |      21 |       7 |  25.0
     Lair:4 |   10342 |     467 |   4.3 |      35 |      13 |  27.1
     Lair:5 |   12729 |   14971 |  54.0 |      44 |      71 |  61.7
   Shoals:1 |    8588 |    4954 |  36.6 |      20 |      10 |  33.3
   Shoals:2 |   23119 |    1400 |   5.7 |      45 |       1 |   2.2
   Shoals:3 |   13742 |    4277 |  23.7 |      26 |       8 |  23.5
   Shoals:4 |   14637 |   17975 |  55.1 |      34 |      32 |  48.5
   Spider:1 |   10085 |    1321 |  11.6 |      25 |       7 |  21.9
   Spider:2 |   21942 |    6794 |  23.6 |      56 |       3 |   5.1
   Spider:3 |   11709 |       0 |   0.0 |      28 |       0 |   0.0
   Spider:4 |   15972 |   31063 |  66.0 |      36 |      55 |  60.4
      Orc:1 |    1522 |     697 |  31.4 |      23 |       4 |  14.8
      Orc:2 |    2213 |   15635 |  87.6 |      27 |      84 |  75.7
   Vaults:1 |    1483 |    1687 |  53.2 |       2 |       2 |  50.0
    Ossuary |       0 |     492 | 100.0 |       0 |       9 | 100.0
            +---------+---------+-------+---------+---------+-------
